[Event "*** SCC Grand Prix: Titled Tuesday Blitz"]
[Site "Chess.com"]
[Date "2020.07.14"]
[Round "1"]
[White "Herracek"]
[Black "MVM2008"]
[Result "1-0"]
[WhiteElo "2567"]
[BlackElo "2242"]
[TimeControl "180+1"]
[EndTime "10:06:25 PDT"]
[Termination "Herracek won by resignation"]

1. c4 g6 2. g3 Bg7 3. Bg2 Nf6 4. Nc3 c6 5. d3 d5 6. cxd5 cxd5 7. Bg5 d4 8. Ne4 Nc6 9. Qd2 Nxe4 10. Bxe4 h6 11. Bh4 g5 12. Nf3 gxh4 13. Nxh4 e6 14. O-O Bd7 15. Rac1 Bf6 16. Ng2 h5 17. h4 e5 18. b4 a6 19. a4 Rc8 20. b5 axb5 21. axb5 Qa5 22. bxc6 Qxd2 23. cxd7+ Kxd7 24. Bf5+ Ke7 25.
Bxc8 Qxe2 26. Rc7+ Kf8 27. Bxb7 Qxd3 28. Bd5 Qg6 29. f4 e4 30. f5 Qh7 31. Ra1 Bd8 32. Ra8 Kg7 33. Rxf7+ Kh6 34. Ra6+ 1-0

[Event "*** SCC Grand Prix: Titled Tuesday Blitz"]
[Site "Chess.com"]
[Date "2020.07.14"]
[Round "1"]
[White "Chigorinetz"]
[Black "PawnEatingZombie"]
[Result "0-1"]
[WhiteElo "2502"]
[BlackElo "2199"]
[TimeControl "180+1"]
[EndTime "10:06:25 PDT"]
[Termination "PawnEatingZombie won on time"]

1. e4 c6 2. d4 d5 3. f3 Qb6 4. Nc3 dxe4 5. Bc4 Nf6 6. Bb3 Bf5 7. Bg5 exf3 8. Nxf3 e6 9. Qe2 Be7 10. O-O-O Nbd7 11. h4 O-O-O 12. h5 h6 13. Bf4 Rhe8 14.
Na4 Qa5 15. Rhe1 Ne4 16. g4 Bh7 17. Bh2 Bd6 18. Bxd6 Nxd6 19. Ne5 Nxe5 20. dxe5 Ne4 21.
Qh2 Qc7 22. a3 Rxd1+ 23. Rxd1 Rd8 0-1

[Event "*** SCC Grand Prix: Titled Tuesday Blitz"]
[Site "Chess.com"]
[Date "2020.07.14"]
[Round "1"]
[White "GM_LOADING"]
[Black "SidArun"]
[Result "1-0"]
[WhiteElo "2573"]
[BlackElo "2248"]
[TimeControl "180+1"]
[EndTime "10:06:26 PDT"]
[Termination "GM_LOADING won by resignation"]

1. e4 c6 2. d4 d5 3. e5 Bf5 4. Nf3 e6 5. Be2 c5 6. Be3 cxd4 7. Nxd4 Ne7 8. Nc3 a6 9. g4 Bg6 10. h4 h5 11. gxh5 Bf5 12. Bg5 Nbc6 13. Nxf5 exf5 14. Bf3 Nxe5 15. h6 gxh6 16. Bf6 Nxf3+ 17. Qxf3 Rg8 18. O-O-O Qa5 19. Rhe1 Rd8 20. Qe2 Rd7 21. Qe5 Qc7 22. Qxc7 Rxc7 23. Nxd5 Rd7 24. Bxe7 1-0

[Event "*** SCC Grand Prix: Titled Tuesday Blitz"]
[Site "Chess.com"]
[Date "2020.07.14"]
[Round "1"]
[White "Mbneu"]
[Black "kingnb"]
[Result "0-1"]
[WhiteElo "2206"]
[BlackElo "2540"]
[TimeControl "180+1"]
[EndTime "10:06:26 PDT"]
[Termination "kingnb won by resignation"]

1. d4 Nf6 2. c4 g6 3. Nc3 Bg7 4. e4 d6 5. f4 O-O 6. Nf3 c5 7. d5 a6 8. a4 e6 9. Be2 exd5 10.
cxd5 Re8 11. e5 dxe5 12. fxe5 Ng4 13. e6 fxe6 14. Bg5 Qa5 15. O-O exd5 16. Nxd5 Nc6 17.
Bc4 Kh8 18. h3 Nge5 19. Ba2 Bf5 20. Bf6 Bxf6 21. Nxf6 Rad8 22. Qc1 Nxf3+ 23. Rxf3 Re2 24. Qh6 Qc7 25. Raf1 Qg7 26. Qg5 Rdd2 27. Rg3 Nd4 28. Nh5 Qe7 29. Rxf5 Nxf5 30. Qxf5 Rxg2+ 0-1

[Event "*** SCC Grand Prix: Titled Tuesday Blitz"]
[Site "Chess.com"]
[Date "2020.07.14"]
[Round "1"]
[White "Azoulas1"]
[Black "Savva09022009"]
[Result "1-0"]
[WhiteElo "2013"]
[BlackElo "2452"]
[TimeControl "180+1"]
[EndTime "10:06:26 PDT"]
[Termination "Azoulas1 won by checkmate"]

1. e4 c5 2. Nf3 d6 3. Bb5+ Nd7 4. Ba4 Nf6 5. O-O Nxe4 6. d4 c4 7. Re1 Nf6 8. Bf4 e6 9. d5 e5 10. Bxe5 dxe5 11. Rxe5+ Be7 12. d6 Qb6 13. Rxe7+ Kd8 14.
Rxf7 Ne4 15. Qe2 Re8 16. Re7 Nxd6 17. Rxe8+ Nxe8 18. Nbd2 Qxb2 19. Re1 Nef6 20. Qe7+ Kc7 21. Nxc4 Qc3 22. Qd6+ Kd8 23. Nce5 a6 24. Nf7# 1-0

[Event "*** SCC Grand Prix: Titled Tuesday Blitz"]
[Site "Chess.com"]
[Date "2020.07.14"]
[Round "1"]
[White "GOGIEFF"]
[Black "Lion-Al-Messi"]
[Result "1-0"]
[WhiteElo "2900"]
[BlackElo "2432"]
[TimeControl "180+1"]
[EndTime "10:06:27 PDT"]
[Termination "GOGIEFF won by resignation"]

1. d4 d5 2. c4 c6 3. Nf3 Nf6 4. Nc3 dxc4 5. a4 Bf5 6. e3 e6 7. Bxc4 Bb4 8. O-O Nbd7 9. Qe2 Bg6 10. e4 Bxc3 11. bxc3 O-O 12. Bd3 Re8 13. Bf4 Qa5 14.
Rfc1 Nh5 15. Bd6 Rad8 16. Qb2 Ndf6 17. Bb4 Qc7 18. Re1 Nf4 19. Bc2 b6 20. Rad1 c5 21.
Ba3 h6 22. Ne5 Bh7 23. g3 Ng6 24. Nf3 Ne7 25. Rd2 Nc6 26. e5 Nd5 27. Bxh7+ Kxh7 28. c4 Nde7 29. dxc5 Na5 30. Rd6 Nxc4 31. Qc2+ Kg8 32. Qxc4 1-0

[Event "*** SCC Grand Prix: Titled Tuesday Blitz"]
[Site "Chess.com"]
[Date "2020.07.14"]
[Round "1"]
[White "denispopov"]
[Black "FMJoseHerrera"]
[Result "0-1"]
[WhiteElo "1749"]
[BlackElo "2456"]
[TimeControl "180+1"]
[EndTime "10:06:27 PDT"]
[Termination "FMJoseHerrera won by resignation"]

1. e4 c5 2. Nc3 e6 3. Nge2 a6 4.
d3 Qc7 5. g3 d6 6. Bg2 b6 7. O-O Bb7 8. Be3 Nd7 9. f4 Ngf6 10.
h3 Be7 11. Kh2 h5 12. Bf2 O-O-O 13. a3 Rdg8 14. Qd2 d5 15. e5 Ne8 16. d4 g5 17.
Na4 gxf4 18. gxf4 f6 19. Rac1 fxe5 20. fxe5 b5 21. Nxc5 Nxc5 22. dxc5 Qxe5+ 23. Kh1 Rxg2 24. Kxg2 d4+ 25. Kg1 Qe4 0-1

[Event "*** SCC Grand Prix: Titled Tuesday Blitz"]
[Site "Chess.com"]
[Date "2020.07.14"]
[Round "1"]
[White "Borsuk_Konstantin"]
[Black "RobPeresian"]
[Result "1-0"]
[WhiteElo "2563"]
[BlackElo "2240"]
[TimeControl "180+1"]
[EndTime "10:06:28 PDT"]
[Termination "Borsuk_Konstantin won on time"]

1. d4 d5 2. c4 e6 3. Nc3 Be7 4. Nf3 Nf6 5. g3 O-O 6. Bg2 c5 7. cxd5 exd5 8. O-O Nc6 9. dxc5 Bxc5 10. a3 a6 11. b4 Bb6 12. Bb2 Re8 13. Rc1 Bg4 14. Na4 Ba7 15. Nc5 Bxc5 16. Rxc5 Qe7 17. h3 Be6 18. Nd4 Rac8 19. Nxc6 bxc6 20. Qd4 Bf5 21. e3 Qf8 22. Rfc1 Bd7 23. Ra5 Ra8 24. Qd3 Ne4 25.
Rxa6 Rxa6 26. Qxa6 Qe7 27. Qa7 Qe6 28. Qd4 f6 29. a4 Nd6 30. a5 Nc4 31. a6 Ra8 32. Ra1 1-0

[Event "*** SCC Grand Prix: Titled Tuesday Blitz"]
[Site "Chess.com"]
[Date "2020.07.14"]
[Round "1"]
[White "13MiRacLe"]
[Black "mjray79"]
[Result "0-1"]
[WhiteElo "2624"]
[BlackElo "2339"]
[TimeControl "180+1"]
[EndTime "10:06:29 PDT"]
[Termination "mjray79 won by resignation"]

1. e4 e5 2. Nf3 Nc6 3. Bb5 a6 4. Ba4 Nf6 5. O-O Be7 6. d3 b5 7. Bb3 O-O 8. Nc3 d6 9. a3 Na5 10.
Ba2 Be6 11. b4 Nc6 12. Nd5 Re8 13. h3 Bf8 14. Bg5 Be7 15. Be3 Bf8 16. c4 bxc4 17. Bxc4 h6 18. Nxf6+ Qxf6 19. Bxe6 Qxe6 20. Rc1 d5 21.
Qa4 Ne7 22. Rxc7 Qg6 23. Rfc1 dxe4 24. Nxe5 Qe6 25. d4 Nd5 26. Rxf7 Bd6 27. Qd7 Bxe5 28. Qxe6 Rxe6 29. Rf5 Nxe3 30. Rxe5 Rxe5 31. dxe5 Nf5 32. Rc6 Kf7 33. Kf1 Nd4 34. Rb6 Ke7 35. Ke1 Nc2+ 36.
Kd2 Nxa3 37. Ke3 Nc4+ 0-1

[Event "*** SCC Grand Prix: Titled Tuesday Blitz"]
[Site "Chess.com"]
[Date "2020.07.14"]
[Round "1"]
[White "sasko1234"]
[Black "sergoy"]
[Result "0-1"]
[WhiteElo "2405"]
[BlackElo "2802"]
[TimeControl "180+1"]
[EndTime "10:06:30 PDT"]
[Termination "sergoy won on time"]

1. b3 e5 2. Bb2 Nc6 3. e3 Nf6 4. Nf3 e4 5. Nd4 Nxd4 6. Bxd4 d5 7. c4 c6 8. Nc3 Be7 9. cxd5 cxd5 10. Bb5+ Bd7 11.
Bxd7+ Qxd7 12. O-O O-O 13. d3 Qe6 14. dxe4 dxe4 15.
Qe2 a6 16. Rac1 b5 17. Rfd1 Rfd8 18. h3 Rac8 19. Bxf6 Bxf6 20. Nd5 Be5 21. Rxc8 Rxc8 22. a4 bxa4 23. bxa4 h6 24. Nf4 Bxf4 25. exf4 Qc4 26. Qg4 Re8 27. a5 Qc5 28. Qd7 Rc8 29. Re1 f5 30. g4 Rf8 31. g5 Qxa5 32. Rc1 Qb6 33.
Rc6 Qb1+ 34. Kg2 hxg5 35. Rg6 Qb2 36. Rxg5 Qf6 0-1

[Event "*** SCC Grand Prix: Titled Tuesday Blitz"]
[Site "Chess.com"]
[Date "2020.07.14"]
[Round "1"]
[White "frederiksvane"]
[Black "awesomevishesh"]
[Result "1-0"]
[WhiteElo "2682"]
[BlackElo "2353"]
[TimeControl "180+1"]
[EndTime "10:06:30 PDT"]
[Termination "frederiksvane won on time"]

1. e4 c5 2. Nf3 d6 3. Bb5+ Nd7 4. O-O a6 5. Bd3 Ngf6 6. Re1 e6 7. c3 b5 8. a4 c4 9. Bf1 Bb7 10. d3 Be7 11.
axb5 axb5 12. Rxa8 Bxa8 13. Na3 O-O 14. Nxb5 cxd3 15.
Bxd3 Nc5 16. b4 Ncxe4 17. Be3 Qd7 18. Qb3 Bb7 19. Ra1 Ra8 20. Rxa8+ Bxa8 21. c4 h6 22. h3 Bc6 23. Nbd4 Bb7 24. Qa3 d5 25. c5 Qc7 26.
Nb5 Qb8 27. Qa7 Qxa7 28. Nxa7 1-0

[Event "*** SCC Grand Prix: Titled Tuesday Blitz"]
[Site "Chess.com"]
[Date "2020.07.14"]
[Round "1"]
[White "Konavets"]
[Black "dennisodessa"]
[Result "1-0"]
[WhiteElo "3062"]
[BlackElo "2453"]
[TimeControl "180+1"]
[EndTime "10:06:31 PDT"]
[Termination "Konavets won by resignation"]

1. d4 e6 2. c4 Nf6 3. Nf3 Bb4+ 4.
Bd2 a5 5. g3 b6 6. Bg2 Bb7 7.
O-O O-O 8. Nc3 d6 9. Qc2 Nbd7 10.
Rfe1 Bxc3 11. Bxc3 Be4 12. Qd2 Qc8 13. Qf4 Qb7 14. Bh3 Rfe8 15. Nd2 Bc6 16. Qh4 b5 17. cxb5 Qxb5 18. e4 e5 19. a4 Qa6 20. Bf1 Qa7 21.
d5 Bb7 22. Bb5 Ba6 23. Bxa5 Bxb5 24. axb5 Qb7 25. b4 Qxb5 26. Rac1 Rac8 27. Nc4 Nb8 28. Bxc7 Rxc7 29. Nxd6 Qxb4 30. Nxe8 Nxe8 31. Qd8 Qe7 32. Qxb8 Rb7 33. Qc8 g6 34. d6 Qd7 35. Qxd7 Rxd7 36.
Rc8 Kf8 37. Rd1 f6 38. f4 exf4 39. gxf4 Kf7 40. e5 fxe5 41. fxe5 Ng7 42. Rc7 Ke6 43.
Rxd7 Kxd7 44. Ra1 Nf5 45. Ra7+ Ke6 46. Rxh7 Kxe5 47. d7 1-0

[Event "*** SCC Grand Prix: Titled Tuesday Blitz"]
[Site "Chess.com"]
[Date "2020.07.14"]
[Round "1"]
[White "NemtsevIgor"]
[Black "731291"]
[Result "0-1"]
[WhiteElo "2341"]
[BlackElo "2656"]
[TimeControl "180+1"]
[EndTime "10:06:32 PDT"]
[Termination "731291 won by resignation"]

1. d4 Nf6 2. Bf4 b6 3. e3 Bb7 4. Nf3 g6 5. Bd3 Bg7 6. O-O O-O 7. h3 d6 8. c3 Nbd7 9. Bh2 Re8 10. Nbd2 e5 11.
Bc4 e4 12. Ne1 Qe7 13. a4 a6 14. Nc2 h5 15. Be2 Nf8 16. c4 N8h7 17. Re1 Rad8 18. b4 Ng5 19. Bf1 c5 20. a5 bxa5 21. bxc5 dxc5 22.
d5 Nd7 23. Rxa5 Ne5 24. Nb3 Bc8 25. Nxc5 Nef3+ 26. gxf3 Nxf3+ 27. Kh1 Nxh2 28. Nd4 Nxf1 29. Rxf1 Bxh3 30. Nc6 Qh4 31. Nxd8 Bg4+ 32. Kg1 Bf3 33. Qxf3 exf3 34. Rfa1 Qh3 0-1

[Event "*** SCC Grand Prix: Titled Tuesday Blitz"]
[Site "Chess.com"]
[Date "2020.07.14"]
[Round "1"]
[White "Sychev_Klementy"]
[Black "SavelievAlexei"]
[Result "1-0"]
[WhiteElo "2743"]
[BlackElo "2389"]
[TimeControl "180+1"]
[EndTime "10:06:33 PDT"]
[Termination "Sychev_Klementy won by resignation"]

1. e4 c5 2. Nf3 e6 3. g3 Nc6 4. Bg2 Nf6 5. Qe2 e5 6. O-O Be7 7. d3 h6 8. Na3 O-O 9. Nc4 d6 10. c3 Be6 11. Nfd2 b5 12. Ne3 d5 13. f4 d4 14. Nf5 exf4 15. Nxe7+ Qxe7 16. gxf4 Bg4 17. Qf2 Rad8 18. e5 Nd5 19. Ne4 f5 20. Nd6 Ne3 21. Bxe3 dxe3 22. Qg3 Nb8 23. Rae1 Nd7 24.
Rxe3 Nb6 25. Kh1 Qe6 26. Rg1 g5 27. Ree1 Nd5 28. fxg5 f4 29. Qxg4 Qxg4 30. Bxd5+ 1-0

[Event "*** SCC Grand Prix: Titled Tuesday Blitz"]
[Site "Chess.com"]
[Date "2020.07.14"]
[Round "1"]
[White "KejJaj"]
[Black "GiorgianBarbosa"]
[Result "0-1"]
[WhiteElo "2021"]
[BlackElo "2471"]
[TimeControl "180+1"]
[EndTime "10:06:33 PDT"]
[Termination "GiorgianBarbosa won by resignation"]

1. d4 Nf6 2. Bf4 g6 3. Nc3 Bg7 4. e4 O-O 5. Qd2 d5 6. e5 Ne4 7. Nxe4 dxe4 8. O-O-O Nc6 9. h4 Bg4 10. f3 exf3 11. gxf3 Bf5 12. h5 gxh5 13. Rxh5 Bg6 14. Rh1 Qd5 15. Kb1 Rad8 16. Ne2 Qxf3 17. Bh3 Qe4 18.
Rhg1 Nxe5 19. Bg2 Nf3 20. Bxf3 Qxf3 21. Rdf1 Qe4 22. Be3 c5 23. Rf4 Qd5 24. Rh4 cxd4 25. Bxd4 e5 26. Rgh1 exd4 27. Nf4 Qg5 28. Nxg6 Qxg6 29.
Rxh7 Qxh7 30. Rxh7 Kxh7 31. Qh2+ Kg8 32. Qg3 Rd7 33.
Qg4 Rfd8 34. a3 d3 35. cxd3 Rxd3 36. Ka2 Rd2 37. Qb4 Rxb2+ 38. Qxb2 Bxb2 0-1

[Event "*** SCC Grand Prix: Titled Tuesday Blitz"]
[Site "Chess.com"]
[Date "2020.07.14"]
[Round "1"]
[White "Gabix_94"]
[Black "WPWPWP-2015"]
[Result "1-0"]
[WhiteElo "2907"]
[BlackElo "2433"]
[TimeControl "180+1"]
[EndTime "10:06:34 PDT"]
[Termination "Gabix_94 won on time"]

1. d4 Nf6 2. Nf3 d5 3. c4 c6 4. Nc3 e6 5. Qd3 Nbd7 6. g3 Bb4 7. Bg2 Ne4 8. O-O Bxc3 9. bxc3 O-O 10. Nd2 f5 11. f3 Nxd2 12. Bxd2 Nf6 13. e4 Bd7 14. cxd5 cxd5 15. e5 Ne8 16. a4 Qc7 17. f4 Rc8 18. Rfb1 b6 19. h3 g6 20. Kh2 Ng7 21. Bf3 Qc4 22. Be2 Qc7 23. Qc2 Bc6 24. Qa2 Qd7 25. Bd3 Rc7 26. a5 b5 27. a6 Rb8 28. Bc1 Rb6 29.
Qe2 Qc8 30. Qa2 Bd7 31. Bd2 Rc4 32. Rb3 Bc6 33. Qb2 Rxa6 34. Rxa6 Qxa6 35. Bxc4 dxc4 36. Ra3 Qb6 37. Be3 a6 38. d5 Qxe3 39. dxc6 Ne8 40.
Rxa6 Qc5 41. Qd2 1-0

[Event "*** SCC Grand Prix: Titled Tuesday Blitz"]
[Site "Chess.com"]
[Date "2020.07.14"]
[Round "1"]
[White "Antipov_Mikhail_Al"]
[Black "Agnes66678"]
[Result "1-0"]
[WhiteElo "2857"]
[BlackElo "2424"]
[TimeControl "180+1"]
[EndTime "10:06:36 PDT"]
[Termination "Antipov_Mikhail_Al won by resignation"]

1. e4 e5 2. Nf3 Nf6 3. d4 Nxe4 4. Bd3 d5 5. Nxe5 Bd6 6. Nc3 Nxc3 7. bxc3 O-O 8. O-O Nd7 9. Nxd7 Bxd7 10. Qh5 g6 11. Qxd5 Bc6 12. Qg5 Be7 13. Qg3 Bf6 14. Bf4 Rc8 15.
Rae1 Qd5 16. a3 Qa5 17. Bd2 Qxa3 18. Ra1 Qe7 19. Rfe1 Qd7 20. Qf4 Bg7 21. Rxa7 Ra8 22. Rxa8 Rxa8 23. h4 h5 24. Bc4 Rf8 25. Qg5 b5 26.
Bb3 Qd6 27. Bf4 Qf6 28. Bxc7 Rc8 29. Re7 Qxg5 30. hxg5 Be8 31. Ba5 Bf8 32. Ra7 Bd6 33.
g3 Ba3 34. d5 Kf8 35. Bb4+ Bxb4 36. cxb4 Rd8 37. Kg2 Bd7 38. Kf3 Ke7 39. Ke4 Kd6 40. Ra6+ Kc7 41. Rf6 Re8+ 42. Kd4 Re7 43. d6+ Kd8 44.
dxe7+ Kxe7 45. Bxf7 1-0

[Event "*** SCC Grand Prix: Titled Tuesday Blitz"]
[Site "Chess.com"]
[Date "2020.07.14"]
[Round "1"]
[White "Duong57"]
[Black "viktorskliarov"]
[Result "0-1"]
[WhiteElo "2242"]
[BlackElo "2568"]
[TimeControl "180+1"]
[EndTime "10:06:36 PDT"]
[Termination "viktorskliarov won by resignation"]

1. d4 Nf6 2. c4 e6 3. Nc3 Bb4 4. Qc2 c5 5. dxc5 Na6 6. a3 Bxc3+ 7.
Qxc3 Nxc5 8. b4 Nce4 9. Qc2 d5 10. f3 Nd6 11. c5 Nf5 12. e3 O-O 13. Bd3 d4 14. e4 Ne3 15. Bxe3 dxe3 16. Ne2 e5 17. O-O Nh5 18. Rfd1 Qg5 19. Bc4 Bh3 20. Ng3 Nxg3 21. hxg3 Qxg3 22. Re1 Qg5 23. Kh2 Rad8 24. Rad1 Be6 25. Rxd8 Rxd8 26. Bxe6 Rd2 27. Bxf7+ Kf8 28. Re2 Qh4+ 29. Kg1 Rxc2 30. Rxc2 Qe1+ 31. Kh2 Kxf7 32. b5 Qd1 0-1

[Event "*** SCC Grand Prix: Titled Tuesday Blitz"]
[Site "Chess.com"]
[Date "2020.07.14"]
[Round "1"]
[White "diamonds13"]
[Black "CrushingKings"]
[Result "0-1"]
[WhiteElo "2225"]
[BlackElo "2555"]
[TimeControl "180+1"]
[EndTime "10:06:38 PDT"]
[Termination "CrushingKings won by checkmate"]

1. d4 Nf6 2. c4 e6 3. Nc3 Bb4 4. e3 O-O 5. Bd2 Re8 6. Nf3 b6 7. Bd3 Bb7 8. a3 Bf8 9. b4 a5 10. Rb1 d6 11. O-O e5 12. Bc2 Nbd7 13. d5 axb4 14.
axb4 b5 15. e4 bxc4 16. Qe2 Nb6 17. Be3 c6 18. dxc6 Bxc6 19. Rfd1 Qc7 20. b5 Bb7 21. h3 Ra3 22. Qd2 Nfd7 23. Nh4 g6 24. Rb4 Nc5 25. Nd5 Bxd5 26. exd5 Rea8 27. Nf3 Ra2 28. Rbb1 Ne4 29. Qc1 Nc3 30. Bxb6 Qxb6 31. Bxg6 Ne2+ 32. Kh2 Nxc1 33. Be4 Qxf2 34. Rg1 Ne2 35.
Ng5 Qg3+ 36. Kh1 Qxg5 37. Bf3 Ng3+ 38. Kh2 Qf4 39. b6 Nf1+ 40. Kh1 Qh2# 0-1

[Event "*** SCC Grand Prix: Titled Tuesday Blitz"]
[Site "Chess.com"]
[Date "2020.07.14"]
[Round "1"]
[White "Sjakkerntobi"]
[Black "Dinamo81"]
[Result "1-0"]
[WhiteElo "2352"]
[BlackElo "2637"]
[TimeControl "180+1"]
[EndTime "10:06:39 PDT"]
[Termination "Sjakkerntobi won on time"]

1. e4 e5 2. Nf3 d6 3. d4 exd4 4. Nxd4 Nf6 5. Nc3 Be7 6. Bc4 O-O 7. Be3 c6 8. O-O Re8 9. Bb3 a5 10. a4 Na6 11. f3 d5 12. exd5 cxd5 13. Bf2 Nc5 14.
Ba2 Bd6 15. Ndb5 Be6 16. Nxd6 Qxd6 17. Nb5 Qe7 18. c3 Rad8 19. Nd4 Qc7 20. Re1 b6 21. Nxe6 fxe6 22. Bg3 Qc6 23. Be5 Rf8 24. Qd4 Rf7 25. c4 Qc8 26. cxd5 Nxd5 27. Rad1 Rdd7 28. Qg4 Qc6 29. Bd4 Nxa4 30. Qxe6 Qxe6 31. Rxe6 1-0

[Event "*** SCC Grand Prix: Titled Tuesday Blitz"]
[Site "Chess.com"]
[Date "2020.07.14"]
[Round "1"]
[White "SanQui14"]
[Black "Kildepiotr"]
[Result "0-1"]
[WhiteElo "2282"]
[BlackElo "2590"]
[TimeControl "180+1"]
[EndTime "10:06:39 PDT"]
[Termination "Kildepiotr won by checkmate"]

1. d4 c5 2. d5 e5 3. e4 d6 4. Nc3 Be7 5. Nf3 a6 6. a4 Bg4 7.
Be2 Bxf3 8. Bxf3 Bg5 9. O-O Bxc1 10. Qxc1 Ne7 11. a5 Nd7 12. Qd2 O-O 13. Rfb1 f5 14. b4 cxb4 15. Rxb4 Nc5 16. Rb6 Rc8 17. exf5 Nxf5 18. Ne4 Nd4 19. Nxd6 Rxf3 20. Nxc8 Qxc8 21.
Re1 Qf5 22. c3 Rd3 23. Qc1 Nb5 24. c4 Nd4 25. Rb2 h6 26. Qb1 Qg4 27. Kf1 Rf3 28. h3 Qh5 29. gxf3 Qxh3+ 30. Kg1 Nxf3# 0-1

[Event "*** SCC Grand Prix: Titled Tuesday Blitz"]
[Site "Chess.com"]
[Date "2020.07.14"]
[Round "1"]
[White "Warre"]
[Black "Duhless"]
[Result "0-1"]
[WhiteElo "2449"]
[BlackElo "3031"]
[TimeControl "180+1"]
[EndTime "10:06:40 PDT"]
[Termination "Duhless won by resignation"]

1. d4 Nf6 2. c4 g6 3. Nc3 d5 4. cxd5 Nxd5 5. e4 Nxc3 6. bxc3 Bg7 7. Nf3 c5 8. Be3 Qa5 9. Qd2 Nd7 10. Be2 Nf6 11. Bd3 O-O 12. O-O Rd8 13. Rac1 Bg4 14.
Qe2 e5 15. d5 c4 16. Bb1 Rac8 17. h3 Bxf3 18. Qxf3 Ne8 19. Qg3 Nf6 20. Qf3 Qc7 21.
Qe2 Ne8 22. h4 h5 23. g3 Nf6 24.
f3 b6 25. Bg5 Rd7 26. f4 exf4 27. Bxf4 Qc5+ 28. Be3 Qe7 29. Bd4 Nxd5 30. Bxg7 Kxg7 31. Rcd1 Rcd8 32. Qf2 Nxc3 0-1

[Event "*** SCC Grand Prix: Titled Tuesday Blitz"]
[Site "Chess.com"]
[Date "2020.07.14"]
[Round "1"]
[White "LubovMarkelova"]
[Black "Nf3c5"]
[Result "0-1"]
[WhiteElo "2196"]
[BlackElo "2528"]
[TimeControl "180+1"]
[EndTime "10:06:40 PDT"]
[Termination "Nf3c5 won on time"]

1. Nf3 c5 2. c4 g6 3. Nc3 Bg7 4. g3 Nc6 5. Bg2 d6 6. O-O Be6 7. d3 Qc8 8. Ng5 Bd7 9. Nd5 h6 10. Nf3 Nf6 11. a3 Rb8 12. Rb1 b5 13. Nxf6+ Bxf6 14. cxb5 Rxb5 15. Qc2 Bg7 16. Bd2 a5 17. Bc3 e5 18. Rfc1 Qb8 19. Nd2 O-O 20. Nc4 Nd4 21. Bxd4 exd4 22. b4 axb4 23. axb4 cxb4 24. Rb3 Rc8 25.
Qd2 d5 26. Nb2 Rc3 27. Qd1 Rbc5 28. Ra1 h5 29. h4 Bh6 30. Rxc3 dxc3 31. Qc2 cxb2 0-1

[Event "*** SCC Grand Prix: Titled Tuesday Blitz"]
[Site "Chess.com"]
[Date "2020.07.14"]
[Round "1"]
[White "rpragchess"]
[Black "zajka-molotok"]
[Result "1-0"]
[WhiteElo "2807"]
[BlackElo "2408"]
[TimeControl "180+1"]
[EndTime "10:06:41 PDT"]
[Termination "rpragchess won on time"]

1. d4 d5 2. Bf4 Nf6 3. e3 e6 4. Nf3 Bd6 5. Bg3 O-O 6. Nbd2 c5 7. c3 Qc7 8. dxc5 Qxc5 9. Bd3 Nbd7 10. e4 e5 11. exd5 Qxd5 12. Nc4 Bc7 13. O-O Re8 14. Re1 b5 15. Ne3 Qc6 16. c4 b4 17.
Nd5 Bb7 18. Rc1 Rac8 19. Bf5 a5 20. Bh4 Qd6 21. Nxf6+ Nxf6 22. Bxc8 Bxc8 23. Qxd6 Bxd6 24. Bg3 1-0

[Event "*** SCC Grand Prix: Titled Tuesday Blitz"]
[Site "Chess.com"]
[Date "2020.07.14"]
[Round "1"]
[White "Stormeman100100"]
[Black "Izoria123"]
[Result "1-0"]
[WhiteElo "2448"]
[BlackElo "2886"]
[TimeControl "180+1"]
[EndTime "10:06:42 PDT"]
[Termination "Stormeman100100 won by resignation"]

1. Nf3 g6 2. g3 Bg7 3. Bg2 e5 4. d3 d5 5. O-O Ne7 6. c4 c6 7. e4 O-O 8. Nc3 d4 9. Ne2 b5 10. b3 a5 11. Nd2 Be6 12. f4 f6 13.
Qc2 Na6 14. a3 Qd7 15. Nf3 Kh8 16. fxe5 fxe5 17. Ng5 Rxf1+ 18. Bxf1 Bg8 19. Bh3 Qd6 20. Bd2 Nc5 21. b4 Nxd3 22. Qxd3 bxc4 23. Qf3 Rf8 24. Qg2 c3 25. Be1 axb4 26. axb4 Qxb4 27. Nc1 Qb2 28.
Qxb2 cxb2 29. Rb1 bxc1=Q 30. Rxc1 Bh6 31. Bd2 Ra8 32. Nf7+ Bxf7 33. Bxh6 Ng8 34. Bg5 h6 35. Bd2 Ra2 36. Bb4 d3 37. Bd6 d2 38. Bxe5+ Kh7 39. Rf1 Bb3 40. Bg4 h5 41. Bd1 Bc4 42. Rf2 Ra1 43.
Bxa1 1-0

[Event "*** SCC Grand Prix: Titled Tuesday Blitz"]
[Site "Chess.com"]
[Date "2020.07.14"]
[Round "1"]
[White "Chessbard1972"]
[Black "chessasuke"]
[Result "1-0"]
[WhiteElo "2319"]
[BlackElo "2554"]
[TimeControl "180+1"]
[EndTime "10:06:42 PDT"]
[Termination "Chessbard1972 won by resignation"]

1. d4 c5 2. d5 e5 3. e4 d6 4. Nc3 g6 5. b3 h5 6. h3 Bh6 7. Bb2 a6 8. a4 h4 9. Nf3 Nf6 10.
Nxh4 Nbd7 11. Nf3 Rb8 12. a5 Nh5 13. g3 Ndf6 14. Bg2 Nh7 15. Bc1 Bxc1 16. Qxc1 Kf8 17. Qh6+ Kg8 18. O-O Ng7 19. Qd2 f5 20. Nh4 Qf6 21. exf5 gxf5 22. f4 Bd7 23. Rae1 e4 24.
Kh2 Nf8 25. Nd1 Nh5 26. Qf2 Re8 27. Ne3 Re7 28. c4 Rg7 29. Nhxf5 Bxf5 30. Nxf5 Qxf5 31. g4 Rxg4 32. hxg4 Qxg4 33. Bh3 Ng3 34. Qxg3 Qxg3+ 35. Kxg3 Ng6 36. Rxe4 Kf7 37. Rh1 Kf6 38. Re6+ Kg7 39. Rxg6+ Kxg6 40. Bf5+ Kg7 41. Rxh8 Kxh8 1-0

[Event "*** SCC Grand Prix: Titled Tuesday Blitz"]
[Site "Chess.com"]
[Date "2020.07.14"]
[Round "1"]
[White "AGW2016"]
[Black "Chess_Boxer123"]
[Result "1/2-1/2"]
[WhiteElo "2265"]
[BlackElo "2567"]
[TimeControl "180+1"]
[EndTime "10:06:43 PDT"]
[Termination "Game drawn by agreement"]

1. e4 c5 2. c3 Nf6 3. e5 Nd5 4. Nf3 Nc6 5. Bc4 Nb6 6. Bb3 d5 7. d4 cxd4 8. cxd4 Bg4 9. Be3 e6 10. h3 Bb4+ 11. Nc3 Bh5 12. O-O O-O 13. a3 Bxc3 14.
bxc3 Na5 15. Bc2 Bg6 16. Rb1 Nbc4 17. Bxg6 fxg6 18. a4 Nxe3 19. fxe3 Nc4 20. Qd3 Qd7 21. e4 Rac8 22. exd5 Qxd5 23. Nd2 Nxd2 24. Qxd2 b6 25. Qd3 Rf5 26. g4 Rff8 27. Rxf8+ Rxf8 28. c4 Qf3 29. Qxf3 Rxf3 30. a5 Rxh3 31. axb6 axb6 32. Rxb6 Rg3+ 33.
Kf2 Rxg4 34. Ke3 Rg3+ 35. Kf4 Rc3 36. c5 Kf7 37. Rb7+ Kf8 38. Ke4 g5 39. Rb6 Kf7 40.
Rb7+ Kg6 41. Rb6 Kf7 42. Rb7+ 1/2-1/2

[Event "*** SCC Grand Prix: Titled Tuesday Blitz"]
[Site "Chess.com"]
[Date "2020.07.14"]
[Round "1"]
[White "esrosenberg"]
[Black "Willychess95"]
[Result "0-1"]
[WhiteElo "2211"]
[BlackElo "2543"]
[TimeControl "180+1"]
[EndTime "10:06:43 PDT"]
[Termination "Willychess95 won on time"]

1. Nf3 Nf6 2. c4 c5 3. g3 d5 4.
cxd5 Nxd5 5. Bg2 Nc6 6. O-O e5 7. Nc3 Nc7 8. a3 Be7 9. b4 cxb4 10. axb4 Bxb4 11. Nxe5 O-O 12. Bxc6 Bxc3 13. dxc3 Qf6 14.
Nd7 Qxc6 15. Nxf8 Bh3 16. f3 Bxf1 17. Kxf1 Kxf8 18. Ba3+ Kg8 19. Qd4 Nb5 20. Qc5 Qxc5 21.
Bxc5 Rc8 22. c4 Rxc5 23. cxb5 Rxb5 24. Rxa7 g5 25. Ra8+ Kg7 26. Rb8 h5 27. Kf2 Rb3 28. Rd8 Kg6 29. Rd5 f6 30. Rd7 Kf5 31. Rh7 Kg6 32. Rh8 b5 33. Rg8+ Kh7 34. Rb8 Kg7 35. h4 gxh4 36. gxh4 b4 37. Kg3 Rb1 38. Kf4 b3 39.
Kf5 b2 0-1